 Dungeon Crawl Stone Soup version 0.16.1-51-g6203257 (webtiles) character file.

959 Ladykiller69 the Shield-Bearer (level 8, 0/60 HPs)
             Began as a Formicid Fighter on July 15, 2015.
             Slain by an orc warrior
             ... wielding a +0 dire flail
              (16 damage)
             ... on level 7 of the Dungeon.
             The game lasted 00:18:50 (5275 turns).

Ladykiller69 the Shield-Bearer (Formicid Fighter)   Turns: 5275, Time: 00:18:50

Health: 0/60       AC: 12    Str: 23    XL:     8   Next: 37%
Magic:  8/11       EV:  7    Int:  8    God:
Gold:   198        SH: 10    Dex: 10    Spells: 0 memorised, 7 levels left

rFire  . . .     SeeInvis +     a - +0 war axe
rCold  . . .     Clarity  .     g - +0 chain mail
rNeg   . . .     SustAb   .     c - +0 shield
rPois  .         Gourm    .     (helmet unavailable)
rElec  .         Spirit   .     h - +0 cloak
rCorr  .         Warding  .     s - +0 pair of gloves
rMut   .         Stasis   +     (no boots)
MR     .....                    (no amulet)
Stlth  ..........               (no ring)
                                (no ring)

@: not resistant to hostile enchantments, extremely unstealthy
A: permanent stasis, dig shafts and tunnels, four strong arms, antennae 3
a: Dig, Shaft Self


You were on level 7 of the Dungeon.
You were hungry.

You visited 1 branch of the dungeon, and saw 7 of its levels.

You collected 198 gold pieces.

Inventory:

Hand weapons
 a - a +0 war axe (weapon)
 x - a +0 flail of venom
Missiles
 y - a throwing net (quivered)
 J - 14 tomahawks
Armour
 b - a +0 scale mail
 c - a +0 shield (worn)
 g - a +0 chain mail (worn)
 h - a +0 cloak (worn)
 s - a +0 pair of gloves (worn)
Jewellery
 f - an uncursed amulet of regeneration {unknown}
 i - an uncursed ring of positive energy {unknown}
 D - a cursed ring of loudness {unknown}
Magical devices
 u - a wand of fire (6)
 B - a wand of confusion (39)
Scrolls
 j - a scroll of remove curse {unknown}
 m - 7 scrolls of identify {unknown}
 n - 2 scrolls of amnesia {unknown}
 o - 7 scrolls of teleportation {unknown}
 p - 2 scrolls of immolation {unknown}
 q - 2 scrolls of recharging {unknown}
 v - 2 scrolls of fog {unknown}
 w - 2 scrolls of enchant armour {unknown}
 C - a scroll of random uselessness {unknown}
 G - a scroll of brand weapon {unknown}
Potions
 e - a potion of might
 l - a potion of curing {unknown}
 r - a potion of invisibility {unknown}
 z - 2 potions of restore abilities {unknown}
 E - a potion of heal wounds {unknown}
 F - a potion of lignification {unknown}
 H - a potion of agility {unknown}
 I - a potion of magic {unknown}
Comestibles
 d - 4 bread rations
 k - 4 slices of pizza
 t - 3 fruits
 A - a meat ration


   Skills:
 - Level 4.1 Fighting
 * Level 6.5 Axes
 + Level 5.6 Armour
 + Level 6.5 Shields


You had 7 spell levels left.
You didn't know any spells.

Dungeon Overview and Level Annotations

Branches:
Dungeon (7/15)
 Temple: D:4-7

Altars:
Nemelex Xobeh
Qazlal
Trog
Xom
Yredelemnul

Shops:
D:4 ?

Annotations:
D:3 raikaria's ghost, average DrWz
D:6 Grinder


Innate Abilities, Weirdness & Mutations

You are under a permanent stasis effect.
You can dig through walls and to a lower floor.
Your four strong arms can wield two-handed weapons with a shield.
You have a pair of large antennae on your head (SInv).


Message History

You feel your power leaking away.
Use which ability? (? or * to list)
You extend your mandibles.
You dig through the rock wall.
You dig through the rock wall.
The orc warrior hits you with a dire flail!
You retract your mandibles.
You closely miss the orc warrior.
The orc warrior is moderately wounded.
The orc hits you from afar with an antimagic trident.
The orc warrior hits you with a dire flail!
* * * LOW HITPOINT WARNING * * *
Drink which item? (? for menu, Esc to quit)
Okay, then.
Use which ability? (? or * to list) Are you sure you want to shaft yourself?
You are feeling hungry.
The orc hits you but does no damage.
You begin to dig a shaft.
You continue digging a shaft.
The orc warrior hits you with a dire flail!
You die...

#.....# .....
..... ... ... #.#
#.# #o### #.#@#
#oo## #.## #.##
#..###########
#.#..........####
..###.####.......#
#.# ##.# #.#####.#
#.# #.##.# #.#


You could see an orc warrior and an orc.

Vanquished Creatures
  Eustachio (D:4)
  A phantom (D:7)
  An ogre (D:5)
  Sigmund (D:6)
  A hound (D:5)
  A crimson imp (D:5)
  3 orc priests
  A giant frog skeleton (D:5)
  An orc wizard (D:5)
  2 worker ants
  A hound skeleton (D:5)
  8 gnolls (D:4)
  2 giant mites (D:2)
  A shadow imp (D:5)
  7 adders
  2 worms
  An adder skeleton (D:5)
  An adder zombie (D:5)
  4 giant geckos
  An ooze (D:6)
  6 orcs
  4 bats
  A bat zombie (D:7)
  5 giant cockroaches
  12 goblins
  9 hobgoblins
  8 kobolds
  2 ball pythons
  A giant gecko skeleton (D:4)
  5 giant newts
  16 jackals
  3 quokkas
  14 rats
127 creatures vanquished.

Notes
Turn   | Place    | Note
--------------------------------------------------------------
     0 | D:1      | Ladykiller69, the Formicid Fighter, began the quest for the Orb.
     0 | D:1      | Reached XP level 1. HP: 18/18 MP: 1/1
   618 | D:1      | Reached XP level 2. HP: 22/24 MP: 3/3
  1111 | D:2      | Reached XP level 3. HP: 19/29 MP: 4/4
  1291 | D:2      | Reached skill level 4 in Shields
  1602 | D:2      | Reached XP level 4. HP: 37/37 MP: 5/5
  1836 | D:3      | Noticed raikaria's ghost (average DrWz)
  2266 | D:3      | Reached XP level 5. HP: 30/42 MP: 7/7
  2440 | D:4      | Found Fiff's Magic Scroll Emporium.
  2962 | D:4      | Found a sparkling altar of Nemelex Xobeh.
  3435 | D:4      | Noticed Eustachio
  3449 | D:5      | Entered Level 5 of the Dungeon
  3450 | D:5      | Reached XP level 6. HP: 48/48 MP: 8/8
  3684 | D:4      | Found a bloodstained altar of Trog.
  3725 | D:4      | Reached skill level 5 in Shields
  4001 | D:4      | Killed Eustachio
  4001 | D:4      | Reached skill level 5 in Axes
  4001 | D:4      | Reached XP level 7. HP: 49/54 MP: 9/9
  4510 | D:5      | Reached skill level 5 in Armour
  4595 | D:5      | Noticed an ogre
  4627 | D:5      | Killed an ogre
  4627 | D:5      | Reached skill level 6 in Axes
  4627 | D:5      | Reached XP level 8. HP: 37/60 MP: 11/11
  4840 | D:6      | Noticed Sigmund
  4874 | D:6      | Killed Sigmund
  4883 | D:6      | Noticed Grinder
  5031 | D:7      | Found a basalt altar of Yredelemnul.
  5033 | D:7      | Found a bloodstained altar of Trog.
  5038 | D:7      | Found a shimmering altar of Xom.
  5117 | D:7      | Found a stormy altar of Qazlal.
  5275 | D:7      | Slain by an orc warrior

Action                   |  1- 3 |  4- 6 |  7- 9 || total
-------------------------+-------+-------+-------++-------
Melee: War axe           |   102 |   246 |   128 ||   476
 Abil: Dig               |     2 |     5 |     7 ||    14
       Shaft Self        |       |       |     1 ||     1
  Eat: Chunk             |     2 |     9 |     5 ||    16
